 Dungeon Crawl Stone Soup version 0.24.0-123-gd5b16e6ec5 (webtiles) character file.

Game seed: 16914546811444998362, levelgen mode: deterministic

143528 Delamore the Executioner (level 17, -13/161 HPs)
             Began as a Hill Orc Fighter on Dec 25, 2019.
             Was the Champion of Okawaru.
             Mangled by a tarantella (17 damage)
             ... on level 3 of the Spider Nest on Dec 27, 2019.
             The game lasted 01:22:50 (32539 turns).

Delamore the Executioner (Hill Orc Fighter)        Turns: 32539, Time: 01:22:51

Health: -13/161    AC: 36    Str: 27    XL:     17   Next: 37%
Magic:  0/24       EV:  8    Int:  8    God:    Okawaru [******]
Gold:   597        SH:  0    Dex: 12    Spells: 16/16 levels left

rFire    . . .     SeeInvis +   d - +9 executioner's axe (freeze)
rCold    + . .     Gourm    .   (shield currently unavailable)
rNeg     + + +     Faith    .   J - +3 plate armour {MR+}
rPois    +         Spirit   +   a - +0 helmet of the Vanishing Queens {+Inv rN+ SInv}
rElec    .         Reflect  .   N - +2 ratskin cloak {+Rats rPois rN+ Str-1 Int-1 Dex+1}
rCorr    .         Harm     .   U - +2 pair of gloves
MR       ++...                  Z - +2 pair of boots {Fly}
Stlth    ..........             x - amulet of Geli Ydy {Spirit rN++ Str+4}
HPRegen  0.36/turn              X - +6 ring of protection
MPRegen  0.19/turn              w - ring of protection from cold

@: confused, about to teleport, flying, very slightly contaminated
A: no striking features
a: Heroism, Finesse, Renounce Religion, Evoke Ratskin, Evoke Invisibility, Evoke
Flight


You were on level 3 of the Spider Nest.
You worshipped Okawaru.
Okawaru was exalted by your worship.
You were hungry.

You visited 5 branches of the dungeon, and saw 27 of its levels.
You also visited: Trove, Ossuary, Gauntlet and Ice Cave.

You collected 2869 gold pieces.
You spent 2272 gold pieces at shops.

Inventory:

Hand Weapons
 d - a +9 executioner's axe of freezing (weapon)
Missiles
 S - 2 throwing nets
 T - 30 javelins
 V - 4 silver javelins (quivered)
Armour
 a - the +0 helmet of the Vanishing Queens (worn) {+Inv rN+ SInv}
   (Okawaru gifted it to you on level 3 of the Lair of Beasts)

   It protects you from negative energy.
   It lets you see invisible.
   It lets you turn invisible.
 q - a scarf of resistance
 J - a +3 plate armour of magic resistance (worn)
 N - the +2 ratskin cloak (worn) {+Rats rPois rN+ Str-1 Int-1 Dex+1}
   (You found it on level 5 of the Lair of Beasts)

   It affects your strength (-1).
   It affects your intelligence (-1).
   It affects your dexterity (+1).
   It protects you from poison.
   It protects you from negative energy.
 U - a +2 pair of gloves (worn)
 Z - a +2 pair of boots of flying (worn)
Jewellery
 t - a ring "Niecunar" {*Tele rF++ Int-5}
   (You found it in a Gauntlet)

   [ring of teleportation]

   It may teleport you next to monsters.
   It affects your intelligence (-5).
   It greatly protects you from fire.
 w - a ring of protection from cold (right hand)
 x - the amulet of Geli Ydy (around neck) {Spirit rN++ Str+4}
   (You found it in a Gauntlet)

   [amulet of guardian spirit]

   It causes incoming damage to be split between your health and magic.
   It affects your strength (+4).
   It greatly protects you from negative energy.
 X - a +6 ring of protection (left hand)
Wands
 c - a wand of scattershot (6)
 e - a wand of clouds (10)
 g - a wand of disintegration (13)
 l - a wand of acid (9)
 E - a wand of iceblast (35)
 P - a wand of flame (45)
 R - a wand of digging (8)
Scrolls
 h - 15 scrolls of remove curse
 i - 5 scrolls of magic mapping
 m - 4 scrolls of fear
 p - 5 scrolls of amnesia
 u - 5 scrolls of blinking
 v - 7 scrolls of fog
 y - 8 scrolls of teleportation
 B - a scroll of summoning
 D - 7 scrolls of immolation
 F - 3 scrolls of holy word
 I - a scroll of enchant weapon
 L - 4 scrolls of enchant armour
 M - a scroll of brand weapon
 W - 4 scrolls of identify
Potions
 j - a potion of cancellation
 k - 16 potions of curing
 n - 2 potions of ambrosia
 s - 3 potions of invisibility
 z - a potion of mutation
 A - 3 potions of haste
 C - a potion of might
 K - 2 potions of flight
 Y - 2 potions of agility
Miscellaneous
 o - a sack of spiders
 G - a phantom mirror
Comestibles
 f - 37 rations


   Skills:
 - Level 17.0 Fighting
 * Level 24.7 Axes
 - Level 12.4 Armour
   Level 3.2 Shields
 - Level 10.4 Invocations
 - Level 10.0 Evocations


You had 16 spell levels left.
You didn't know any spells.
Your spell library contained the following spells:

 Spells                   Type           Power        Failure   Level  Hunger
 Animate Skeleton         Necr           N/A          97%         1    ##.....
 Apportation              Tloc           #.....       97%         1    ##.....
 Confusing Touch          Hex            #.....       97%         1    ##.....
 Magic Dart               Conj           #...         97%         1    ##.....
 Pain                     Necr           #...         97%         1    ##.....
 Summon Small Mammal      Summ           #...         97%         1    ##.....
 Blink                    Tloc           N/A          99%         2    ###....
 Call Imp                 Summ           #.......     99%         2    ###....
 Poisonous Vapours        Pois/Air       #.....       99%         2    ###....
 Searing Ray              Conj           #.....       99%         2    ###....
 Shroud of Golubria       Chrm/Tloc      #.....       99%         2    ###....
 Call Canine Familiar     Summ           #.......     100%        3    ####...
 Confuse                  Hex            #.......     100%        3    ####...
 Conjure Flame            Conj/Fire      #.......     100%        3    ####...
 Dazzling Spray           Conj/Hex       #.....       100%        3    ####...
 Gell's Gravitas          Tloc           #.........   100%        3    ####...
 Lesser Beckoning         Tloc           #.........   100%        3    ####...
 Mephitic Cloud           Conj/Pois/Air  #.......     100%        3    ####...
 Regeneration             Chrm/Necr      #.........   100%        3    ####...
 Summon Guardian Golem    Hex/Summ       #.......     100%        3    ####...
 Teleport Other           Tloc           #.......     100%        3    ####...
 Vampiric Draining        Necr           #.........   100%        3    ####...
 Animate Dead             Necr           N/A          100%        4    #####..
 Force Lance              Conj/Tloc      #.......     100%        4    #####..
 Fulminant Prism          Conj/Hex       #.........   100%        4    #####..
 Iskenderun's Mystic Bla  Conj           #.......     100%        4    #####..
 Passage of Golubria      Tloc           N/A          100%        4    #####..
 Petrify                  Tmut/Erth      #.......     100%        4    #####..
 Summon Ice Beast         Ice/Summ       #.......     100%        4    #####..
 Summon Lightning Spire   Summ/Air       #.......     100%        4    #####..
 Metabolic Englaciation   Hex/Ice        #.........   100%        5    ######.
 Yara's Violent Unravell  Hex/Tmut       #.........   100%        5    ######.
 Freezing Cloud           Conj/Ice/Air   #.........   100%        6    #######
 Ring of Flames           Chrm/Fire      #.........   100%        7    #######


Dungeon Overview and Level Annotations

Branches:
Dungeon (15/15)            Temple (0/1) D:7            Lair (6/6) D:8
 Shoals (0/4) Lair:3       Spider (3/4) Lair:3        Slime (0/5) Lair:6
    Orc (2/2) D:9             Elf (0/3) Orc:2        Vaults (0/5) D:13
 Depths (1/5) D:15        Ossuary (visited)           IceCv (visited)
Gauntlet (visited)

Altars:
Ashenzari
Dithmenos
Hepliaklqana
Makhleb
Okawaru
Trog
The Shining One
Beogh

Shops:
D:5 (:=   D:9 =   D:10 *(=   D:15 =:*   Orc:1 *   Orc:2 }([*


Message History

The wolf spider hits you but does no damage.
The wolf spider bites you but does no damage.
The tarantella bites you but does no damage.
You slash the wolf spider! You freeze the wolf spider.
The wolf spider is almost dead.
You miss the tarantella. The tarantella barely misses you.
The wolf spider closely misses you. The wolf spider bites you.
* * * LOW HITPOINT WARNING * * *
The tarantella bites you!
* * * LOW HITPOINT WARNING * * *
The wolf spider closely misses you.
The wolf spider bites you but does no damage.
You're too confused!
Okay, then.
Okay, then.
You're too confused!
It was a potion of flight.
You feel very buoyant.
You fly up into the air.
The tarantella bites you!!
You die...

.......#.........# #............
......^#.........# #^......†....#
...##............####..#....#...#
...#^.#...####..^.#######...#...#
.######.###^ ##....#....##..#....
.##..#####^.. #...##.....####>...
.....# ###..##...#.>..........^#
...### ##^....#..##............##
#..## #........@.#.^^....^......
....# ##.......ss######.........
..^## ###.......†.#.#..#.......^.
..## ##^#..###..s......#...^.....
.## ##..## #.........##.........
#####^...# #^.#s....##..)##.....
#.[.....####.##..^...#...#......
#......^.^.###.y....##...#.....#
##...........#......##########...


You could see 2 demonic crawlers, a wolf spider (berserk), a moth of wrath and a
tarantella (berserk).

Vanquished Creatures
  Arachne (Spider:2)
  Rupert (D:14)
  Asterion (Spider:1)
  Kirke (D:11)
  Donald (Spider:3)
  A ghost moth (Spider:2)
  Louise (Spider:2)
  An emperor scorpion (Spider:2)
  A balrug (Gauntlet)
  A very ugly thing (D:14)
  An entropy weaver (Spider:1)
  6 dire elephants (Lair:6)
  A spark wasp (Spider:3)
  A minotaur (Gauntlet)
  An ettin (shapeshifter) (D:15)
  An ettin (Depths:1)
  Josephine (D:14)
  2 vault guards (D:13)
  6 hydras
  4 centaur warriors
  An anaconda (Lair:6)
  11 two-headed ogres
  2 tengu warriors (D:14)
  A vampire mage (D:15)
  2 ogre magi (Orc:2)
  Urug (Lair:4)
  An iron troll (Orc:1)
  3 skeletal warriors (D:13)
  A glowing orange brain (D:15)
  3 unseen horrors
  A shadow wraith (D:12)
  A deep troll (Orc:2)
  A mana viper (shapeshifter) (D:14)
  5 orc knights
  A wizard (D:13)
  Pikel (D:6)
  15 wolf spiders
  3 necromancers (D:13)
  An orc sorcerer (D:15)
  4 deep elf magi
  7 orb spiders
  A moth of wrath (Spider:3)
  2 manticores
  11 ugly things
  5 cyclopes
  7 elephants (Lair:6)
  A smoke demon (Gauntlet)
  2 merfolk sirens (Lair:3)
  Psyche (D:8)
  3 black mambas (Lair:4)
  2 gargoyles
  3 ice statues (IceCv)
  Joseph (D:8)
  6 komodo dragons
  10 spiny frogs
  A rime drake (Lair:3)
  2 efreet (D:12)
  2 freezing wraiths (D:14)
  6 demonic crawlers
  14 trolls
  A queen bee (shapeshifter) (D:15)
  2 hornets
  2 merfolk (Lair:3)
  Prince Ribbit (D:6)
  18 jumping spiders
  5 polar bears
  16 dream sheep (Lair:6)
  6 slime creatures (D:15)
  A raiju (shapeshifter) (D:14)
  5 blink frogs (Lair:5)
  9 hippogriffs
  Sigmund (D:5)
  40 redbacks
  2 vampires (D:14)
  A spriggan (D:7)
  A shadow (D:14)
  2 wyverns
  17 tarantellas
  2 centaur simulacra
  4 wraiths
  A yak (shapeshifter) (D:15)
  19 humans (D:13)
  4 basilisks
  32 yaks
  A human (shapeshifter) (D:13)
  6 hogs (D:12)
  4 hungry ghosts
  Menkaure (D:4)
  A steam dragon (D:10)
  24 wargs
  A hell hound (Gauntlet)
  An acid dragon (D:15)
  12 water moccasins
  10 porcupines
  24 orc warriors
  19 ice beasts
  2 slaves (D:6)
  A black bear (D:12)
  25 ogres
  An eye of draining (D:14)
  5 sky beasts
  A phantom (D:11)
  8 wolves
  A centaur (D:5)
  13 crocodiles
  6 big kobolds
  15 bullfrogs
  A wyvern zombie (D:14)
  A spiny frog simulacrum (Gauntlet)
  2 wyvern skeletons
  3 scorpions
  16 wights
  10 killer bees
  5 howler monkeys (D:8)
  9 crimson imps
  5 centaur zombies
  8 hounds
  2 bullfrog zombies
  3 centaur skeletons
  A human zombie (Ossuary)
  16 orc priests
  3 jellies
  37 orc wizards
  5 bullfrog skeletons
  An iguana (D:5)
  12 worker ants
  A killer bee zombie (D:10)
  3 bullfrog simulacra (Gauntlet)
  4 big kobold zombies (Ossuary)
  A hound zombie (D:8)
  A hound skeleton (D:10)
  2 mummies (Ossuary)
  6 gnolls
  17 adders
  5 shadow imps
  3 oozes
  An adder zombie (Ossuary)
  2 worms
  4 dart slugs
  5 leopard geckos
  103 orcs
  2 ball pythons (D:2)
  8 giant cockroaches
  9 goblins
  11 hobgoblins
  10 jackals
  34 kobolds
  3 quokkas
  7 bats
  5 frilled lizards
  8 hobgoblin zombies (Ossuary)
  8 kobold zombies (Ossuary)
  12 orc zombies (Ossuary)
  9 rats
  2 rat zombies
  6 fungi
  3 plants
989 creatures vanquished.

Vanquished Creatures (collateral kills)
  A hydra (Lair:1)
  A hippogriff (Lair:1)
2 creatures vanquished.

Vanquished Creatures (others)
  A centaur (D:8)
  A bullfrog (Lair:5)
  A giant cockroach (D:8)
  5 fungi
  6 plants
14 creatures vanquished.

Grand Total: 1005 creatures vanquished

Notes
Turn   | Place    | Note
-------+----------+-------------------------------------------
     0 | D:1      | Delamore the Hill Orc Fighter began the quest for the Orb.
     0 | D:1      | Reached XP level 1. HP: 19/19 MP: 1/1
    31 | D:1      | Reached skill level 3 in Axes
    31 | D:1      | Reached XP level 2. HP: 26/26 MP: 2/2
    56 | D:1      | Reached skill level 4 in Axes
    94 | D:1      | Reached XP level 3. HP: 21/31 MP: 3/3
   226 | D:1      | Reached skill level 5 in Axes
   495 | D:2      | Reached XP level 4. HP: 33/39 MP: 4/4
   732 | D:2      | Reached skill level 6 in Axes
   862 | D:2      | Found a glowing golden altar of the Shining One.
   865 | D:2      | Found a shadowy altar of Dithmenos.
   869 | D:2      | Found a burning altar of Makhleb.
   913 | D:2      | Found an iron altar of Okawaru.
   915 | D:2      | Found a shattered altar of Ashenzari.
   933 | D:2      | Reached XP level 5. HP: 44/45 MP: 5/5
  1232 | D:2      | Reached skill level 7 in Axes
  2291 | D:2      | Became a worshipper of Warmaster Okawaru
  2534 | D:4      | Reached skill level 8 in Axes
  2534 | D:4      | Reached XP level 6. HP: 38/51 MP: 6/6
  2546 | D:4      | Found a bloodstained altar of Trog.
  2568 | D:4      | Noticed Menkaure
  2887 | D:4      | Killed Menkaure
  2887 | D:4      | Reached skill level 9 in Axes
  3072 | D:4      | Reached XP level 7. HP: 50/57 MP: 7/7
  3249 | D:5      | Entered Level 5 of the Dungeon
  3288 | D:5      | Reached skill level 10 in Axes
  3643 | D:5      | Reached * piety under Okawaru
  3655 | D:5      | Found Alaola's Book Shoppe.
  3666 | D:5      | Reached skill level 11 in Axes
  3688 | D:5      | Found Weurute's Antique Weapon Shoppe.
  3706 | D:5      | Reached XP level 8. HP: 10/64 MP: 8/8
  4042 | D:5      | Found Gess's Jewellery Shoppe.
  4233 | D:5      | Noticed Sigmund
  4245 | D:5      | Killed Sigmund
  4245 | D:5      | Reached skill level 12 in Axes
  4299 | D:5      | Reached ** piety under Okawaru
  4557 | D:6      | Found a sand-covered staircase.
  4573 | Ossuary  | Entered an ossuary
  4669 | Ossuary  | Reached skill level 13 in Axes
  4983 | D:6      | Reached skill level 14 in Axes
  4983 | D:6      | Reached XP level 9. HP: 64/70 MP: 9/9
  5009 | D:6      | Noticed Prince Ribbit
  5024 | D:6      | You fall into a shaft and drop 2 floors!
  5034 | D:8      | Noticed Psyche
  5468 | D:7      | Reached *** piety under Okawaru
  5470 | D:7      | Reached skill level 15 in Axes
  5490 | D:7      | Found a staircase to the Ecumenical Temple.
  5918 | D:6      | Killed Prince Ribbit
  6078 | D:6      | Found a hazy altar of Hepliaklqana.
  6099 | D:7      | Noticed Pikel
  6103 | D:6      | Reached skill level 16 in Axes
  6128 | D:6      | Killed Pikel
  6128 | D:6      | Reached XP level 10. HP: 26/77 MP: 10/10
  6431 | D:7      | Reached skill level 17 in Axes
  6777 | D:6      | Reached **** piety under Okawaru
  7234 | D:8      | Noticed Joseph
  7243 | D:8      | Killed Joseph
  7512 | D:8      | Reached skill level 18 in Axes
  7573 | D:8      | Found a staircase to the Lair.
  7613 | D:8      | Killed Psyche
  7935 | D:8      | Found an iron altar of Okawaru.
  8076 | D:9      | Reached ***** piety under Okawaru
  8076 | D:9      | Reached skill level 19 in Axes
  8088 | D:9      | Found a staircase to the Orcish Mines.
  8160 | D:9      | Found Miuxuob's Jewellery Boutique.
  8245 | D:9      | Reached XP level 11. HP: 59/82 MP: 11/11
  9074 | D:9      | Reached skill level 20 in Axes
  9097 | D:8      | Received a gift from Okawaru
  9779 | D:9      | You fall into a shaft and drop 1 floor!
  9779 | D:10     | Entered Level 10 of the Dungeon
  9779 | D:10     | Found Xalegoorch's Weapon Shop.
  9779 | D:10     | Found Oghi Uloocs's Jewellery Shop.
  9819 | D:10     | Reached skill level 5 in Fighting
 10796 | D:9      | Noticed an orc knight
 10816 | D:9      | Killed an orc knight
 11925 | D:10     | Found Samuw's General Store.
 11955 | D:10     | Found a burning altar of Makhleb.
 11955 | D:10     | Noticed a green death
 11968 | D:10     | Noticed a two-headed ogre
 11979 | D:10     | Killed a two-headed ogre
 12137 | D:10     | Reached skill level 10 in Fighting
 12376 | D:10     | Reached XP level 12. HP: 103/107 MP: 12/12
 12681 | Lair:1   | Entered Level 1 of the Lair of Beasts
 13259 | Lair:1   | Noticed a five-headed hydra
 13271 | Lair:1   | Killed a seven-headed hydra
 13426 | Lair:1   | Noticed a seven-headed hydra
 13434 | Lair:1   | Killed an eight-headed hydra
 13450 | Lair:1   | Received a gift from Okawaru
 14378 | Lair:2   | Reached skill level 5 in Armour
 14396 | Lair:2   | Got a warped ring mail
 14407 | Lair:2   | Identified the +2 ring mail "Xazxagg" {+Blink} (You found
                  | it on level 2 of the Lair of Beasts)
 15033 | Lair:3   | Found a staircase to the Shoals.
 15044 | Lair:3   | Received a gift from Okawaru
 15044 | Lair:3   | Reached ****** piety under Okawaru
 15059 | Lair:3   | Got a jewelled helmet {god gift}
 15471 | Lair:3   | Identified the +0 helmet of the Vanishing Queens {+Inv rN+
                  | SInv} (Okawaru gifted it to you on level 3 of the Lair of
                  | Beasts)
 15665 | Lair:3   | Found a hole to the Spider Nest.
 15672 | Lair:3   | Reached skill level 1 in Invocations
 15681 | Lair:3   | Reached skill level 1 in Evocations
 16223 | Lair:4   | Reached XP level 13. HP: 123/123 MP: 14/14
 17057 | Lair:5   | Noticed Urug
 17157 | Lair:4   | Killed Urug
 17281 | Lair:5   | Reached skill level 5 in Invocations
 17911 | Lair:5   | Found the +2 ratskin cloak {+Rats rPois rN+ Str-1 Int-1
                  | Dex+1}
 18370 | Lair:6   | Entered Level 6 of the Lair of Beasts
 18395 | Lair:6   | Received a gift from Okawaru
 18516 | Lair:6   | Found a staircase to the Slime Pits.
 18594 | Lair:6   | Reached skill level 5 in Evocations
 19613 | Lair:6   | Reached XP level 14. HP: 120/133 MP: 19/19
 19620 | Lair:6   | Noticed a dire elephant
 19620 | Lair:6   | Noticed a dire elephant
 19636 | Lair:6   | Killed a dire elephant
 19639 | Lair:6   | Killed a dire elephant
 19688 | Lair:6   | Noticed a dire elephant
 19690 | Lair:6   | Noticed a dire elephant
 19695 | Lair:6   | Noticed a dire elephant
 19697 | Lair:6   | Killed a dire elephant
 19697 | Lair:6   | Received a gift from Okawaru
 19697 | Lair:6   | Reached skill level 15 in Fighting
 19703 | Lair:6   | Killed a dire elephant
 19714 | Lair:6   | Killed a dire elephant
 19828 | Lair:6   | Noticed a dire elephant
 20231 | Lair:6   | Killed a dire elephant
 20361 | Lair:6   | Identified 2 scrolls of acquirement
 20368 | Lair:6   | Got a fine cloak
 20380 | Lair:6   | Identified the +3 cloak "Qutae" {*Corrode rC- MP+9 Str+9}
                  | (You acquired it on level 6 of the Lair of Beasts)
 20568 | Orc:1    | Entered Level 1 of the Orcish Mines
 21272 | Orc:1    | Found Idde's Assorted Antiques.
 21375 | Orc:2    | Entered Level 2 of the Orcish Mines
 21395 | Orc:2    | Found a roughly hewn altar of Beogh.
 21584 | Orc:1    | Reached skill level 10 in Armour
 22246 | Orc:2    | Paralysed by an ogre mage for 7 turns
 22584 | Orc:1    | Reached skill level 10 in Invocations
 23108 | Orc:2    | Found Gicrot's Weapon Emporium.
 23115 | Orc:2    | Found Radab's General Store.
 23123 | Orc:2    | Found Tuunnasm's Armour Boutique.
 23151 | Orc:2    | Bought a potion of heal wounds for 75 gold pieces
 23162 | Orc:2    | Found Soezot's Gadget Shop.
 23290 | Orc:2    | Found a staircase to the Elven Halls.
 23798 | Orc:2    | Bought a wand of digging (5) for 270 gold pieces
 23920 | D:11     | Received a gift from Okawaru
 23920 | D:11     | Reached XP level 15. HP: 107/143 MP: 22/22
 23973 | D:11     | Got a pair of jewelled gloves
 23984 | D:11     | Identified the +0 pair of gloves "Gunn" {rC+} (You acquired
                  | it on level 11 of the Dungeon)
 24482 | D:12     | Noticed Kirke
 24550 | D:11     | Noticed a sphinx
 24550 | D:11     | Killed Kirke
 25568 | D:13     | Found a gate leading to a gauntlet.
 25578 | Gauntlet | Entered a Gauntlet
 25578 | Gauntlet | Found a transporter.
 25578 | Gauntlet | Found a transporter.
 25578 | Gauntlet | Found a transporter.
 25579 | Gauntlet | Found a transporter.
 25580 | Gauntlet | Found a transporter.
 25583 | Gauntlet | Found a transporter.
 25600 | Gauntlet | Found a transporter.
 25601 | Gauntlet | Found a transporter.
 25603 | Gauntlet | Found a transporter.
 25610 | Gauntlet | Noticed a balrug
 25621 | Gauntlet | Found a transporter.
 25623 | Gauntlet | Found a transporter.
 25653 | Gauntlet | Found a transporter.
 25773 | Gauntlet | Got a brightly glowing ruby amulet
 25778 | Gauntlet | Identified the amulet of Geli Ydy {Spirit rN++ Str+4} (You
                  | found it in a Gauntlet)
 25874 | Gauntlet | Killed a balrug
 25885 | Gauntlet | Got a shimmering granite ring
 25891 | Gauntlet | Identified a ring "Niecunar" {*Tele rF++ Int-5} (You found
                  | it in a Gauntlet)
 26216 | D:13     | Found a gate to the Vaults.
 26949 | D:14     | Found a frozen archway.
 26979 | IceCv    | Entered an ice cave
 26985 | IceCv    | Received a gift from Okawaru
 27077 | IceCv    | Reached skill level 10 in Evocations
 27286 | D:14     | Noticed Josephine
 27300 | D:14     | Killed Josephine
 27333 | D:14     | Noticed Rupert
 27353 | D:14     | Reached XP level 16. HP: 73/155 MP: 6/23
 27355 | D:14     | Killed Rupert
 27420 | D:14     | Reached skill level 21 in Axes
 27857 | D:14     | Found a glowing golden altar of the Shining One.
 28310 | D:15     | Entered Level 15 of the Dungeon
 28637 | D:15     | Found Daoj's General Store.
 28640 | D:15     | Bought a +0 glaive for 97 gold pieces
 28640 | D:15     | Bought a scroll of identify for 30 gold pieces
 28699 | D:15     | Reached skill level 22 in Axes
 28704 | D:15     | Received a gift from Okawaru
 28713 | D:15     | Found a staircase to the Depths.
 28789 | D:15     | Found Riafriq's Book Boutique.
 28821 | D:15     | Found a bloodstained altar of Trog.
 28828 | D:15     | Found Cinuts's Jewellery Shop.
 28980 | D:15     | Found a portal to a secret trove of treasure.
 29194 | D:5      | Bought the +7 mace of Variability {chain chaos} for 1800
                  | gold pieces
 29194 | D:5      | Found the +7 mace of Variability {chain chaos}
 29401 | D:15     | You paid a toll of the mace of Variability to enter a
                  | treasure trove
 29402 | Trove    | Entered a treasure trove
 29507 | Depths:1 | Entered Level 1 of the Depths
 29928 | Spider:1 | Entered Level 1 of the Spider Nest
 30172 | Spider:1 | Noticed Asterion
 30173 | Spider:1 | Noticed an Executioner
 30184 | Spider:1 | Killed Asterion
 30558 | Spider:1 | Reached skill level 23 in Axes
 30793 | Spider:1 | Received a gift from Okawaru
 31218 | Spider:2 | Noticed Louise
 31624 | Spider:2 | Reached XP level 17. HP: 158/161 MP: 22/24
 31679 | Spider:2 | Killed Louise
 31910 | Spider:2 | Reached skill level 24 in Axes
 31926 | Spider:2 | Noticed Arachne
 31939 | Spider:2 | Killed Arachne
 32264 | Spider:3 | Noticed Donald
 32272 | Spider:3 | Killed Donald
 32531 | Spider:3 | HP: 6/161 [wolf spider (21)]
 32531 | Spider:3 | HP: 1/161 [wolf spider (5)]
 32538 | Spider:3 | HP: 3/161 [tarantella (8)]
 32539 | Spider:3 | Mangled by a tarantella

Levels and vault maps discovered:
D:1:      eino_arrival_cavern_b, layout_rooms
D:2:      layout_loops_ring, nicolae_overflow_hidden_temple, first_ration,
          minmay_diced_spiral
D:3:      layout_loops_ring, serial_bayou_ford_a, lemuel_flame_loot_1
D:4:      layout_basic, lightli_temple_of_fire, uniq_menkaure
D:5:      layout_loops_cross, serial_shops, nicolae_shop_crystal,
          kennysheep_little_box, nicolae_shop_stone, uniq_sigmund
D:6:      layout_rooms, kennysheep_mini_moat, enter_ossuary_3,
          hangedman_decor_points, uniq_prince_ribbit1
D:7:      layout_layer_cave, minmay_temple_entry_crystal_x, the_bakery,
          uniq_pikel
D:8:      layout_basic, erik_lair_orcish_takeover, basic_altar, uniq_psyche,
          uniq_joseph
D:9:      lemuel_castle_with_subvaults [lemuel_castle_interior_carwin_2],
          layout_irregular_city, orc_0_dummy, serial_shops, shop
D:10:     layout_basic, serial_shops, shop, shop, shop_statue,
          minmay_stone_trees_medium, makhleb_altar_promises_db
D:11:     layout_roguey
D:12:     layout_loops_corners, due_unseen_surprise, uniq_kirke
D:13:     layout_irregular_city, grunt_vaults_entry_tiered,
          gauntlet_entry_generic
D:14:     cheibrodos_ideogram_h, layout_basic, portal_ice_cave_entry_ice_beasts,
          tso_altar, uniq_rupert, uniq_josephine
D:15:     gammafunk_enter_depths_forms, layout_basic, enter_trove_3,
          basic_altar, serial_shops, shop_coins, nicolae_shop_behind_doors,
          nicolae_shop_window_shopping, minmay_misc_feat_rows
Lair:1:   layout_regular_city
Lair:2:   layout_roguey, grunt_megastairs_1
Lair:3:   layout_gridlike, elwin_shoals_entry_stream, spider_nest_entry_a,
          chequers_serial_rivers_room_a
Lair:4:   layout_roguey, cheibrodos_lair_lostbears, lemuel_fruit_tree
Lair:5:   layout_misc_corridors, grunt_megastairs_2, uniq_urug
Lair:6:   due_jungle_book, layout_cave_pods, slime_dummy
Spider:1: layout_spider_delve, guppyfry_spider_mini_2, uniq_asterion
Spider:2: layout_spider_delve, uniq_louise, uniq_arachne
Spider:3: layout_spider_delve, uniq_donald
Orc:1:    layout_caves, serial_shops, shop, lightli_orcish_oven
Orc:2:    st_orc_open, layout_caves, basic_altar
Depths:1: layout_cave_pools, grunt_hell_entry_dis_grunt, abyss_entry,
          nicolae_lava_and_water, hangedman_decor_riveting, guppyfry_shop_earth,
          serial_bayou_shore_b, infiniplex_staircase_pool_lava, uniq_saint_roka

Skill      XL: |  1  2  3  4  5  6  7  8  9 10 11 12 13 14 15 16 17 |
---------------+----------------------------------------------------+-----
Axes           | 3 4 5 6 8 9 11 14 16 19 20 23 24 | 24.7
Fighting       | 10 13 14 15 17 | 17.0
Armour         | 6 9 10 12 | 12.4
Invocations    | 2 7 10 | 10.4
Evocations     | 1 5 8 10 | 10.0
Shields        | |  3.2

Action                   |  1- 3 |  4- 6 |  7- 9 | 10-12 | 13-15 | 16-18 || total
-------------------------+-------+-------+-------+-------+-------+-------++-------
Melee: War axe           |    81 |   167 |   451 |   430 |       |       ||  1129
       Battleaxe         |       |       |       |   414 |   990 |       ||  1404
       Executioner's axe |       |       |       |       |    50 |   424 ||   474
       Unarmed           |       |       |       |       |     5 |       ||     5
Throw: Javelin           |       |       |    13 |    12 |    20 |     2 ||    47
       Throwing net      |       |       |       |       |     4 |       ||     4
Invok: Heroism           |       |       |       |     1 |     1 |     1 ||     3
       Finesse           |       |       |       |       |     6 |     2 ||     8
 Abil: Stop Flying       |       |       |       |       |     1 |       ||     1
       Evoke Invisibilit |       |       |       |       |     1 |       ||     1
       Evoke Ratskin     |       |       |       |       |     1 |       ||     1
Evoke: Wand              |       |       |     1 |    10 |    11 |       ||    22
       Box of beasts     |       |       |       |     3 |       |       ||     3
  Use: Scroll            |       |       |    11 |     6 |    16 |    14 ||    47
       Potion            |       |       |     2 |     4 |     1 |     5 ||    12
 Stab: Invisible         |       |       |       |       |     3 |       ||     3
  Eat: Chunk             |       |     4 |    10 |    26 |    25 |    11 ||    76
       Ration            |       |     1 |       |     2 |     4 |     2 ||     9
Armor: Scale mail        |    34 |    62 |    68 |       |       |       ||   164
       Plate armour      |       |       |    52 |   273 |   593 |   547 ||  1465
Dodge: Dodged            |    24 |    62 |   103 |   191 |   413 |   236 ||  1029
Block: Shield            |    50 |    90 |   270 |   266 |       |       ||   676
       Reflection        |       |       |     1 |    16 |     4 |       ||    21
       Other             |       |       |       |    76 |   122 |       ||   198
